 Dungeon Crawl Stone Soup version 0.30-a0-691-g754fce4c43 (webtiles) character file.

Game seed: 797324155171642010

187 Newt the Shooter (level 5, 0/49 HPs)
             Began as a Kobold Hunter on Jan 19, 2023.
             Slain by a river rat (7 damage)
             ... in a sewer.
             The game lasted 00:02:40 (2865 turns).

Newt the Shooter (Kobold Hunter)                    Turns: 2865, Time: 00:02:40

Health: 0/49       AC:  3    Str:  8    XL:     5   Next: 99%
Magic:  5/5        EV: 14    Int: 11    God:
Gold:   67         SH:  0    Dex: 20    Spells: 4/4 levels left

rFire   . . .      SeeInvis .    a - +0 shortbow
rCold   + . .      Faith    .    (shield currently unavailable)
rNeg    . . .      Spirit   .    c - +0 leather armour
rPois   .          Reflect  .    (no helmet)
rElec   .          Harm     .    (no cloak)
rCorr   .          Rampage  .    (no gloves)
Will    .....                    (no boots) Stlth
                                 (no amulet)
HPRegen 0.28/turn                f - ring of wizardry
MPRegen 0.09/turn                (no ring)

@: berserking, very quick
A: small, no large weapons, nightstalker 3, cold resistance 1, sense
surroundings 1, screaming 1
a: no special abilities


You were in a sewer.
You visited 1 branch of the dungeon, and saw 3 of its levels.
You also visited: Sewer.

You collected 67 gold pieces.

Inventory:

Hand Weapons
 a - a +0 shortbow (weapon)
Armour
 c - a +0 leather armour (worn)
Jewellery
 f - a ring of wizardry (left hand)
Scrolls
 b - a scroll of immolation
 l - a scroll of blinking {unknown}
Potions
 d - a potion of lignification
 e - a potion of brilliance
 g - a potion of curing
 h - a potion of mutation
 j - a potion of berserk rage


   Skills:
 - Level 4.0 Fighting
 + Level 7.4 Ranged Weapons
 - Level 2.4 Dodging
 - Level 3.0 Stealth


You had 4 spell levels left.
You didn't know any spells.
Your spell library contained the following spells:

 Spells                   Type           Power      Damage    Failure   Level
 Cigotuvi's Dreadful Rot  Necr/Pois/Air  0%         N/A       30%         2
 Momentum Strike          Conj/Tloc      0%         3d8       30%         2
 Kindle Blastsparks       Fire/Tloc/Air  0%         2d10      50%         3
 Alistair's Intoxication  Tmut/Pois      0%         N/A       99%         5
 Borgnjor's Vile Clutch   Necr/Erth      0%         N/A       99%         5
 Eringya's Noxious Bog    Tmut/Pois      0%         N/A       100%        6
 Storm Form               Tmut/Air       0%         N/A       100%        7


Dungeon Overview and Level Annotations

Branches:
Dungeon (3/15)              Sewer (1/1)

Altars:

Annotations:
D:1 2 transporters
D:3 1 transporter


Innate Abilities, Weirdness & Mutations

You are small and have problems with some larger weapons.
You are completely attuned to the shadows.
Your flesh is cold resistant. (rC+)
You passively map a small area around you.
You occasionally shout uncontrollably at your foes.


Message History

You are too injured to fight recklessly!
You are too injured to fight recklessly!
You shoot an arrow. The arrow hits the river rat!
You kill the river rat!
You shoot an arrow.
The arrow hits the river rat but does no damage.
The river rat bites you!
* * * LOW HITPOINT WARNING * * *
The river rat bites you.
* * * LOW HITPOINT WARNING * * *
You feel better. The river rat barely misses you. x2
It was a potion of mutation.
You feel extremely strange.
You feel the urge to shout.
You feel resistant to cold.
You feel a strange attunement to the structure of the dungeons.
The river rat misses you. The river rat closely misses you.
It was a potion of berserk rage.
A red film seems to cover your vision as you go berserk!
You feel yourself moving faster!
You feel mighty! The river rat bites you.
* * * LOW HITPOINT WARNING * * *
The river rat misses you.
Really attack while wielding your +0 shortbow? [Y]es or [N]o only, please.
Really attack while wielding your +0 shortbow?
You clumsily bash the river rat.
The river rat is lightly wounded.
The river rat closely misses you. The river rat bites you.
* * * LOW HITPOINT WARNING * * *
You barely miss the river rat.
The river rat is lightly wounded.
The river rat bites you.
* * * LOW HITPOINT WARNING * * *
The river rat barely misses you.
You barely miss the river rat.
The river rat is lightly wounded.
The river rat bites you but does no damage.
The river rat closely misses you.
You hit the river rat!
You kill the river rat!
The river rat bites you!
You die...

,* #..####~≈~#
#..#.##~≈†#
+..'.##~≈~#
+..'.##~≈~# *
#..#.##~≈~# *
#.r####~≈~# *
#..# #~≈~# ~
*#r.####~≈~#
#..#@##~≈~#
+.÷r.##~≈.#
+..'.##~≈.# ~
** #..#.##.≈~#
#..####~≈.# ~
~ #~~# #†≈†#
#~.# #~≈~#
####~~####~≈†#
~
~~~~~~~~~~~≈~#


You could see a river rat.

Vanquished Creatures
  An orc wizard (D:2)
  Robin (D:2)
  4 adders (Sewer)
  2 river rats (Sewer)
  A worm (D:3)
  A dart slug (D:2)
  5 orcs
  12 bats
  9 endoplasms
  4 giant cockroaches
  14 goblins
  7 hobgoblins
  4 jackals
  5 kobolds
  4 quokkas
  5 ball pythons
  6 frilled lizards
  5 rats
90 creatures vanquished.

Notes
Turn   | Place    | Note
-------+----------+-------------------------------------------
     0 | D:1      | Newt the Kobold Hunter began the quest for the Orb.
     0 | D:1      | Reached XP level 1. HP: 12/12 MP: 1/1
    39 | D:1      | Reached XP level 2. HP: 17/17 MP: 2/2
    85 | D:1      | Got the Grimoire of the Windy Blink Frog
   218 | D:1      | Found a transporter.
   312 | D:1      | Reached XP level 3. HP: 20/23 MP: 3/3
   944 | D:2      | Reached XP level 4. HP: 28/29 MP: 4/4
  1259 | D:2      | Noticed Robin
  1273 | D:2      | Killed Robin
  1310 | D:2      | Noticed a floating eye
  1311 | D:2      | Found a faded altar of an unknown god.
  1311 | D:2      | Noticed an eye of devastation
  1314 | D:2      | Noticed a golden eye
  1314 | D:2      | Noticed a great orb of eyes
  2119 | D:2      | Reached skill level 6 in Ranged Weapons
  2131 | D:2      | Reached XP level 5. HP: 7/33 MP: 5/5
  2384 | D:3      | Found a transporter.
  2408 | D:3      | Found a glowing drain.
  2419 | Sewer    | Entered a sewer
  2503 | Sewer    | Reached skill level 7 in Ranged Weapons
  2860 | Sewer    | Gained mutation: You occasionally shout uncontrollably at
                  | your foes. [potion of mutation]
  2860 | Sewer    | Gained mutation: Your flesh is cold resistant. (rC+)
                  | [potion of mutation]
  2860 | Sewer    | Gained mutation: You passively map a small area around you.
                  | [potion of mutation]
  2865 | Sewer    | Slain by a river rat

Illustrated notes

Levels and vault maps discovered:
D:1:      spicycebolla_arrival_transporter_tutorial, layout_rooms, minivault_25,
          chequers_serial_rivers_micro_a
D:2:      minmay_recursive_quarters, layout_basic,
          hellmonk_ecumenical_altar_watching_god, minmay_misc_feat_alley,
          uniq_robin
D:3:      gammafunk_wand_slinger, layout_basic, nicolae_ru_sacrificial_ziggurat,
          portal_sewer_entry_f, uniq_jessica
Sewer:    sewer_fruit_machine

Skill      XL: |  1  2  3  4  5 |
---------------+----------------+-----
Stealth        | 2 3 |  3.0
Fighting       | 3 4 |  4.0
Ranged Weapons | 6 7 |  7.4
Dodging        | |  2.4

Action                   |  1- 3 |  4- 6 || total
-------------------------+-------+-------++-------
Melee: Shortbow          |       |     4 ||     4
 Fire: Shortbow          |    80 |   129 ||   209
  Use: Scroll            |     1 |     3 ||     4
       Potion            |       |     5 ||     5
Armor: Leather armour    |     9 |    17 ||    26
Dodge: Dodged            |    35 |   117 ||   152

Table legend: (Time is in decaauts)
 A = Elapsed time spent in this place.
 B = Non-inter-level travel time spent in this place.
 C = Inter-level travel time spent in this place.
 D = Time resting spent in this place.
 E = Time spent auto-exploring this place.
 F = Levels seen in this place.
 G = Mean time per level.
                   A        B        C        D        E       F      G
               +--------+--------+--------+--------+--------+-----+--------+
         Total |   2951 |   2868 |     83 |    489 |   1929 |   4 |  737.8 |
       Dungeon |   2472 |   2389 |     83 |    202 |   1819 |   3 |  824.0 |
         Sewer |    479 |    479 |      0 |    287 |    110 |   1 |  479.0 |
               +--------+--------+--------+--------+--------+-----+--------+

Top non-repeatable levels by time:
     D:2: 1561 daAuts
     D:1: 814 daAuts
   Sewer: 479 daAuts
     D:3: 96 daAuts
